[Event "Monday Night Engine Tour 13 Rd Swiss 3m+1s Starts at 2200hrs ST"]
[Site "Infinity Chess"]
[Date "2018.4.9"]
[Round "1"]
[White "CoffeeOne"]
[Black "TasicV"]
[Result "1/2-1/2"]
[ECO "C55"]
[WhiteElo "2520"]
[BlackElo "2322"]
[WhiteEngine "cfish-extra"]
[BlackEngine "SugaR.XPrO.1.4.64.POCNT_CTG"]
[EventType "Swiss"]
[WhiteTeam ""]
[BlackTeam ""]
[PlyCount "105"]
[TimeControl "180+1"]

1. e4 e5 2. Nf3 Nc6 3. Bc4 Nf6 4. d3 Bc5 5. c3 d6 6. O-O a5 7. Nbd2 O-O 
8. Re1 h6 9. Nf1 a4 10. h3 Ra5 11. Ng3 b5 12. b4 axb3 13. Bxb3 Be6 14. Rb1 Bb6 
15. d4 Bxb3 16. axb3 Ra2 17. Rb2 Ra1 18. Qd3 b4 19. Rbe2 d5 20. Nxe5 Nxe5 
21. dxe5 Nxe4 22. Nxe4 dxe4 23. Qc4 bxc3 24. Qxc3 Rb1 25. Rxe4 Qd5 26. b4 Rd8 
27. e6 fxe6 28. Rxe6 Rf8 29. R6e2 Rb3 30. Qd2 Qxd2 31. Rxd2 Rf6 32. Re8+ Kh7 
33. Rc2 Rxb4 34. g3 Rf7 35. Re6 Rb1 36. Rec6 Bd4 37. Rd2 Rb6 38. Rxb6 Bxb6 
39. Kg2 Rf5 40. g4 Ra5 41. Kf3 g5 42. Re2 Kg7 43. Re7+ Kf6 44. Rd7 Ra2 
45. Be3 Bxe3 46. fxe3 c5 47. Ke4 Rc2 48. Rc7 Rh2 49. Rxc5 Rxh3 50. Rc1 Kf7 
51. Ra1 h5 52. gxh5 Rxh5 53. Kf5 1/2-1/2

[Event "Monday Night Engine Tour 13 Rd Swiss 3m+1s Starts at 2200hrs ST"]
[Site "Infinity Chess"]
[Date "2018.4.9"]
[Round "1"]
[White "Coco69"]
[Black "SkyPilot"]
[Result "1/2-1/2"]
[ECO "C50"]
[WhiteElo "2445"]
[BlackElo "2527"]
[WhiteEngine "asmFishW_2018-04-08_popcnt_CTG"]
[BlackEngine "stockfish_x64_bmi2_2018_04_07_CTG"]
[EventType "Swiss"]
[WhiteTeam ""]
[BlackTeam ""]
[PlyCount "164"]
[TimeControl "180+1"]

1. e4 e5 2. Nf3 Nc6 3. Bc4 Bc5 4. O-O Nf6 5. d3 d6 6. c3 a5 7. Re1 Ba7 
8. Nbd2 O-O 9. Nf1 Be6 10. Bb5 Ne7 11. d4 exd4 12. Nxd4 Ng6 13. Ba4 c6 
14. Bc2 Bd7 15. Ng3 Re8 16. f4 a4 17. h3 Nh4 18. Be3 Qc8 19. Kh2 c5 
20. Nf3 Nxf3+ 21. Qxf3 Bc6 22. Rad1 Qe6 23. f5 Qe7 24. Bf4 Bb8 25. Kg1 c4 
26. Nh5 Nxh5 27. Qxh5 Ba7+ 28. Kh1 Bc5 29. Qg4 f6 30. Qg3 Rad8 31. b4 cxb3 
32. axb3 b5 33. b4 Bb6 34. Bxd6 Qa7 35. Re2 Kh8 36. Rdd2 Qf7 37. Bb1 Qh5 
38. Kh2 Rd7 39. Bf4 Rxd2 40. Rxd2 Rd8 41. Rxd8+ Bxd8 42. Qd3 Qe8 43. Qd4 Be7 
44. Kg3 g6 45. Ba2 Qd8 46. Qxd8+ Bxd8 47. fxg6 hxg6 48. Bb1 Bb6 49. Bc1 Bc7+ 
50. Kf2 Kg7 51. g4 Be5 52. Bb2 Kh6 53. h4 Bd7 54. Kf3 a3 55. Bxa3 Bxc3 
56. Bc1+ Kg7 57. Ba3 Kh6 58. Bc1+ Kg7 59. Ba2 Bxb4 60. Bb2 Be7 61. g5 b4 
62. gxf6+ Bxf6 63. e5 Bc6+ 64. Kg4 Be7 65. Bb3 Be4 66. e6+ Kh6 67. Bc1+ Kg7 
68. Bg5 Kf8 69. Bh6+ Ke8 70. Ba4+ Kd8 71. Bb3 Bf5+ 72. Kg3 Be4 73. Kf4 Bd3 
74. Kg4 Ke8 75. Bc1 Be2+ 76. Kg3 Bd3 77. Kg4 Be4 78. Bh6 Bf6 79. Bd2 Bf5+ 
80. Kf4 Bxh4 81. Bxb4 Be7 82. Bxe7 Kxe7 1/2-1/2

[Event "Monday Night Engine Tour 13 Rd Swiss 3m+1s Starts at 2200hrs ST"]
[Site "Infinity Chess"]
[Date "2018.4.9"]
[Round "1"]
[White "MarioDeMonti"]
[Black "Dovahkiin"]
[Result "1-0"]
[ECO "C53"]
[WhiteElo "2527"]
[BlackElo "2454"]
[WhiteEngine "stockfish_x64_bmi2_2018_02_18_CTG"]
[BlackEngine "Raubfisch ME262_GTZ16f_CTG"]
[EventType "Swiss"]
[WhiteTeam ""]
[BlackTeam ""]
[PlyCount "201"]
[TimeControl "180+1"]

1. e4 e5 2. Nf3 Nc6 3. Bc4 Bc5 4. c3 Nf6 5. d3 d6 6. O-O a5 7. Re1 h6 8. h3 O-O 
9. Nbd2 Be6 10. a4 Bxc4 11. Nxc4 Re8 12. Be3 Bxe3 13. Nxe3 b6 14. Qb3 Qc8 
15. Rad1 Ne7 16. Qc2 Ng6 17. Kh2 Nf4 18. b3 Qb7 19. c4 Ne6 20. Nf5 Nc5 
21. Kg1 Rad8 22. Re3 Qa8 23. Ng3 Rd7 24. Nf5 Nh5 25. Rde1 Ne6 26. Qd1 Qd8 
27. d4 Nhf4 28. Kh2 Ng6 29. d5 Nc5 30. Qc2 Kh7 31. Nd2 Nf4 32. g3 Nh5 
33. Rf3 Nf6 34. Nb1 g6 35. Nh4 Rf8 36. Nc3 Nh5 37. Rfe3 Qg5 38. Ne2 Qf6 
39. Kg1 Ng7 40. Ng2 Qe7 41. g4 h5 42. f3 Qg5 43. Ng3 Kg8 44. Rf1 Qh6 45. Kh2 f6 
46. Rg1 f5 47. exf5 gxf5 48. Nxf5 Nxf5 49. gxf5 Rg7 50. Rf1 Qf6 51. Qe2 h4 
52. f4 e4 53. Qh5 Rh7 54. Qg6+ Kh8 55. Re2 Qxf5 56. Qxf5 Rxf5 57. Ne3 Rf8 
58. f5 Nxb3 59. Rg2 Rg7 60. Rf4 Rxg2+ 61. Kxg2 Nc5 62. Rxh4+ Kg7 63. Kg3 Nxa4 
64. Rxe4 Nc5 65. Re7+ Kf6 66. Rxc7 Ke5 67. h4 a4 68. h5 Ra8 69. h6 Kd4 
70. Nc2+ Kxc4 71. Re7 Rh8 72. h7 b5 73. f6 Nd3 74. Kg4 Kc3 75. Kg5 Kxc2 
76. Kh6 Ne5 77. Kg7 Ra8 78. Rxe5 dxe5 79. f7 a3 80. f8=R Rxf8 81. Kxf8 a2 
82. h8=Q a1=Q 83. Qh7+ Kd2 84. Qh6+ Kd3 85. d6 Qa6 86. Qe6 e4 87. Kf7 b4 
88. d7 Qb7 89. Kf6 Qb8 90. Qd5+ Ke3 91. d8=Q Qf4+ 92. Ke6 Qg4+ 93. Kd6 Ke2 
94. Kc6 Qg6+ 95. Kb5 Kf3 96. Qf8+ Kg3 97. Qe5+ Kg2 98. Qff4 Qf5 99. Qexf5 b3 
100. Qf1+ Kg3 101. Q5h3# 1-0

[Event "Monday Night Engine Tour 13 Rd Swiss 3m+1s Starts at 2200hrs ST"]
[Site "Infinity Chess"]
[Date "2018.4.9"]
[Round "1"]
[White "OlivierEvan"]
[Black "MGR"]
[Result "1/2-1/2"]
[ECO "A05"]
[WhiteElo "2471"]
[BlackElo "2531"]
[WhiteEngine "Houdini 6"]
[BlackEngine "Raubfisch X38"]
[EventType "Swiss"]
[WhiteTeam ""]
[BlackTeam ""]
[PlyCount "124"]
[TimeControl "180+1"]

1. Nf3 Nf6 2. b3 d5 3. Bb2 e6 4. e3 Nbd7 5. c4 Bd6 6. d4 b6 7. Bd3 Bb7 
8. O-O O-O 9. Nbd2 c5 10. Qe2 cxd4 11. exd4 Qe7 12. a3 Rfd8 13. g3 Rac8 
14. Rfc1 a5 15. Ne5 h6 16. f4 Rc7 17. h3 g6 18. Kh2 Rdc8 19. Nb1 a4 20. Nc3 axb3 
21. Nb5 h5 22. Nxc7 Rxc7 23. Nf3 dxc4 24. Rxc4 Bxf3 25. Qxf3 h4 26. g4 Nd5 
27. Kh1 Nxf4 28. Bf1 Nf6 29. Re1 N4d5 30. Rxc7 Bxc7 31. Bc4 Bg3 32. Rf1 Bf4 
33. Bxb3 Qe8 34. Qe2 b5 35. Rf3 g5 36. Bc2 Qc6 37. Bd3 Qb7 38. Kg1 b4 
39. Ba6 Qe7 40. Bc4 bxa3 41. Bxa3 Qb7 42. Rb3 Qc6 43. Bc5 Kg7 44. Ra3 Nd7 
45. Rf3 Nxc5 46. Bxd5 Qxd5 47. dxc5 e5 48. Qd3 Qxc5+ 49. Kg2 Qc6 50. Qb3 Qa8 
51. Qc2 Kg8 52. Qb2 Kg7 53. Qc2 Kg8 54. Qb2 Qd8 55. Qa2 Kg7 56. Qe2 Qb6 
57. Qc2 e4 58. Qxe4 Qb2+ 59. Rf2 Qc3 60. Rf3 Qd2+ 61. Rf2 Qc3 62. Qf3 Qc7 
1/2-1/2

[Event "Monday Night Engine Tour 13 Rd Swiss 3m+1s Starts at 2200hrs ST"]
[Site "Infinity Chess"]
[Date "2018.4.9"]
[Round "1"]
[White "MCDermont"]
[Black "ocirema"]
[Result "1/2-1/2 "]
[ECO "C50"]
[WhiteElo "2532"]
[BlackElo "2475"]
[WhiteEngine "BrainFish 090218"]
[BlackEngine "asmFishW_2018-04-08_popcnt_CTG"]
[EventType "Swiss"]
[WhiteTeam ""]
[BlackTeam ""]
[PlyCount "155"]
[TimeControl "180+1"]

1. e4 e5 2. Nf3 Nc6 3. Bc4 Bc5 4. O-O Nf6 5. d3 d6 6. c3 O-O 7. Nbd2 a6 
8. a4 Ba7 9. h3 h6 10. Re1 Re8 11. b4 Be6 12. Bxe6 Rxe6 13. Qc2 Qd7 14. Nf1 d5 
15. Be3 Bxe3 16. Nxe3 Rae8 17. Rab1 Ne7 18. a5 Nc6 19. Ra1 Rd8 20. Rad1 b6 
21. axb6 cxb6 22. Qa2 a5 23. b5 Ne7 24. c4 d4 25. Nd5 Ng6 26. g3 Qd6 27. Nd2 Nd7 
28. Rf1 Nc5 29. Nb3 Ree8 30. Nxc5 Qxc5 31. Kg2 Ne7 32. Qb1 Rf8 33. Nxe7+ Qxe7 
34. Qb3 Kh7 35. Qb2 Rde8 36. Ra1 Qc7 37. Rae1 f6 38. f3 Qd6 39. Ra1 Re7 
40. Qc1 Qc5 41. g4 Ra8 42. f4 exf4 43. Qxf4 Re5 44. h4 a4 45. Rf2 a3 46. Rfa2 h5 
47. gxh5 Rxh5 48. Qg4 Re5 49. Kh1 Ra7 50. Rg1 Kg8 51. Rf2 Qf8 52. Ra1 Kf7 
53. Kh2 Qd6 54. Kg2 Qe7 55. Raf1 Qe6 56. Qf3 Kg8 57. Ra1 Kh7 58. Raa2 Qe7 
59. Qg4 Ra8 60. Kh3 g6 61. Ra1 Rf8 62. Rg2 Rg8 63. Rf1 Qd6 64. Qf4 Qe6+ 
65. Kh2 Ra8 66. Qg3 f5 67. h5 Rg8 68. hxg6+ Rxg6 69. exf5 Rxg3 70. fxe6 Rxd3 
71. Rf7+ Kh6 72. e7 Rh5+ 73. Kg1 Rd1+ 74. Kf2 Re5 75. Kg3 Rde1 76. Rf6+ Kg7 
77. Rf3 Rg5+ 78. Kf2 1/2-1/2

[Event "Monday Night Engine Tour 13 Rd Swiss 3m+1s Starts at 2200hrs ST"]
[Site "Infinity Chess"]
[Date "2018.4.9"]
[Round "1"]
[White "star99"]
[Black "BlitzMaster"]
[Result "1/2-1/2"]
[ECO "C58"]
[WhiteElo "2482"]
[BlackElo "2537"]
[WhiteEngine "Cryptic Heroes 9.3B"]
[BlackEngine "asmFishW_2018-04-01_bmi2_CTG"]
[EventType "Swiss"]
[WhiteTeam ""]
[BlackTeam ""]
[PlyCount "56"]
[TimeControl "180+1"]

1. e4 e5 2. Nf3 Nc6 3. Bc4 Nf6 4. Ng5 d5 5. exd5 Na5 6. Bb5+ c6 7. dxc6 bxc6 
8. Be2 h6 9. Nh3 Nb7 10. O-O Bc5 11. Nc3 O-O 12. d3 Bf5 13. Kh1 Re8 14. Bf3 Rc8 
15. g4 Be6 16. Rg1 Nd6 17. Qf1 g5 18. Na4 Qa5 19. Nxc5 Qxc5 20. Bd1 e4 
21. dxe4 Nfxe4 22. f3 Bd5 23. fxe4 Nxe4 24. Rg2 Qc4 25. Kg1 Qd4+ 26. Kh1 Qc4 
27. Kg1 Qd4+ 28. Kh1 Qc4 1/2-1/2

[Event "Monday Night Engine Tour 13 Rd Swiss 3m+1s Starts at 2200hrs ST"]
[Site "Infinity Chess"]
[Date "2018.4.9"]
[Round "1"]
[White "Vimtiroba"]
[Black "Thinker"]
[Result "1/2-1/2"]
[ECO "D02"]
[WhiteElo "2545"]
[BlackElo "2507"]
[WhiteEngine "SF9 ''A6''_CTG"]
[BlackEngine "BrainFish_180404_x64_modern_CTG"]
[EventType "Swiss"]
[WhiteTeam ""]
[BlackTeam ""]
[PlyCount "72"]
[TimeControl "180+1"]

1. d4 d5 2. Nf3 Nf6 3. c4 e6 4. Nc3 Be7 5. e3 O-O 6. a3 b6 7. cxd5 exd5 
8. Bd3 c5 9. O-O Nc6 10. h3 c4 11. Bc2 Bb7 12. Bd2 Qd7 13. Ne5 Nxe5 14. dxe5 Ne4 
15. Nxe4 dxe4 16. Bc3 Qe6 17. Qg4 Rfd8 18. Qf4 Rd3 19. Bxd3 exd3 20. Qg4 Qd5 
21. f4 h5 22. Qf3 b5 23. Qxd5 Bxd5 24. Kf2 f5 25. exf6 gxf6 26. Ke1 Kf7 
27. Rg1 Rg8 28. g4 hxg4 29. Rxg4 Rh8 30. Rg3 Rh6 31. Kd2 f5 32. Rag1 Ke8 
33. Bb4 Bd8 34. Bc3 Be7 35. Bb4 Bd8 36. Bc3 Be7 1/2-1/2

[Event "Monday Night Engine Tour 13 Rd Swiss 3m+1s Starts at 2200hrs ST"]
[Site "Infinity Chess"]
[Date "2018.4.9"]
[Round "1"]
[White "Deep_Impact"]
[Black "THE_MACHINE"]
[Result "1/2-1/2"]
[ECO "C65"]
[WhiteElo "2515"]
[BlackElo "2578"]
[WhiteEngine "asmFishW_2018-04-07_bmi2"]
[BlackEngine "BrainFish_180408_x64_bmi2"]
[EventType "Swiss"]
[WhiteTeam ""]
[BlackTeam ""]
[PlyCount "199"]
[TimeControl "180+1"]

1. e4 e5 2. Nf3 Nc6 3. Bb5 Nf6 4. O-O Nxe4 5. d4 Nd6 6. Bxc6 dxc6 7. dxe5 Nf5 
8. Qxd8+ Kxd8 9. Nc3 Bd7 10. Rd1 Kc8 11. Ng5 Be8 12. Rd3 Be7 13. Bf4 h6 
14. Nge4 Bd7 15. h3 g5 16. Bh2 Be6 17. a4 a5 18. g4 Nh4 19. Bg3 Ng6 20. b3 h5 
21. f3 Ra6 22. Rad1 Rb6 23. Ne2 c5 24. c4 Kb8 25. Kg2 Bc8 26. Nd6 Be6 
27. Nf5 Bc8 28. Re3 Bd8 29. Red3 Be7 30. Kf2 Rh7 31. Re3 Rh8 32. Nxe7 Nxe7 
33. e6 Rxe6 34. Rxe6 Bxe6 35. Be5 Rh6 36. Bg7 Rh7 37. Bf6 Nc6 38. Kg3 b6 
39. Bxg5 hxg4 40. fxg4 f5 41. Nf4 Bc8 42. Bf6 fxg4 43. hxg4 Kb7 44. Rd5 Rf7 
45. g5 Rf8 46. Kf3 Rf7 47. Ke4 Bg4 48. Rd2 Rf8 49. Ng6 Rg8 50. Nh4 Rf8 
51. Kd3 Nb4+ 52. Kc3 Bh5 53. Rd8 Rf7 54. Rh8 Bg4 55. Re8 Rd7 56. Rd8 Rf7 
57. Kb2 Bh5 58. Rh8 Bd1 59. Rd8 Bg4 60. Kc3 Nc6 61. Rd5 Bh5 62. Ng2 Bf3 
63. Rd2 Nb8 64. Nh4 Bh5 65. Be5 Re7 66. Bf6 Re4 67. Nf5 Rg4 68. Rh2 Bg6 
69. Ne3 Rg3 70. Kd2 Nc6 71. Rh6 Bb1 72. Rh4 Nd4 73. Bxd4 cxd4 74. Rxd4 Rxg5 
75. Rd5 Rg6 76. c5 Rg3 77. Rh5 Bg6 78. Re5 Bb1 79. cxb6 cxb6 80. Re6 Ka6 
81. Kc3 Ka7 82. Kb2 Bh7 83. Nd5 Bg8 84. Re7+ Ka6 85. Nc7+ Kb7 86. Nd5+ Kc6 
87. Ne3 Rh3 88. Ka3 Rh4 89. Rg7 Be6 90. Rg6 Re4 91. Nc2 Kd6 92. Rg5 Kc6 
93. Rg6 b5 94. Rxe6+ Rxe6 95. Nd4+ Kd7 96. Nxe6 b4+ 97. Kb2 Kxe6 98. Kc1 Ke5 
99. Kd1 Kd4 100. Kd2 1/2-1/2

[Event "Monday Night Round Robin Blitz Tour 5m+1s Starts at 2200hrs No Late Joins"]
[Site "Infinity Chess"]
[Date "2018.4.30"]
[Round "7"]
[White "ocirema"]
[Black "CoffeeOne"]
[Result "0-1"]
[ECO "C53"]
[WhiteElo "2453"]
[BlackElo "2555"]
[WhiteEngine "asmFishW_9_popcnt"]
[BlackEngine "cfish-2018-04-30"]
[EventType "Round Robin"]
[WhiteTeam ""]
[BlackTeam ""]
[PlyCount "176"]
[TimeControl "300+1"]

1. e4 e5 2. Nf3 Nc6 3. Bc4 Bc5 4. c3 Nf6 5. d3 d6 6. O-O O-O 7. Bg5 a5 8. a4 h6 
9. Bh4 g5 10. Bg3 Kg7 11. Nbd2 Ba7 12. Re1 Ng8 13. Nf1 h5 14. h3 h4 15. Bh2 Nh6 
16. d4 g4 17. hxg4 Nxg4 18. Ne3 Rh8 19. Qd2 Qf6 20. Nd5 Qd8 21. Rad1 Rh5 
22. Be2 Rh6 23. Rf1 Rg6 24. Kh1 Rb8 25. Ne3 Qf6 26. dxe5 dxe5 27. Nd5 Qd8 
28. Qe1 Qh8 29. Nxc7 Qh6 30. Bc4 Qh5 31. Rd6 Nf6 32. Nd2 Qg5 33. Rg1 Ng4 
34. Rxg6+ Qxg6 35. Rf1 Qh6 36. Bb5 Bd7 37. f3 Nxh2 38. Kxh2 Be3 39. Nc4 Bf4+ 
40. Kg1 Qg5 41. Qf2 Rd8 42. Nd5 Be6 43. Nxf4 exf4 44. Kh1 Bxc4 45. Bxc4 Ne5 
46. b3 Kh7 47. Rg1 Qg3 48. Rf1 b6 49. Kg1 Kg7 50. Bd5 Qg5 51. Kh2 Rd6 52. Rh1 f5 
53. Rf1 Kf8 54. b4 h3 55. gxh3 Qh5 56. bxa5 Rh6 57. Qg2 Rg6 58. a6 Rxg2+ 
59. Kxg2 Qg6+ 60. Kh1 Qh7 61. Kh2 Qg7 62. Kh1 fxe4 63. Bxe4 Qd7 64. Kg1 Qa7 
65. Bb7 b5+ 66. Kg2 bxa4 67. Rf2 a3 68. Re2 Nd3 69. h4 Qb6 70. h5 Nc1 71. Re4 a2 
72. Rxf4+ Kg7 73. Rb4 Qa5 74. a7 Qxa7 75. h6+ Kh8 76. Re4 a1=Q 77. Re8+ Kh7 
78. Be4+ Kxh6 79. Rh8+ Kg5 80. f4+ Kxf4 81. Rf8+ Kxe4 82. Re8+ Kd3 83. Rd8+ Kxc3 
84. Rc8+ Kb4 85. Rb8+ Qxb8 86. Kf3 Qc3+ 87. Kg4 Qbg3+ 88. Kh5 Qh8# 0-1

[Event "Monday Night Round Robin Blitz Tour 5m+1s Starts at 2200hrs No Late Joins"]
[Site "Infinity Chess"]
[Date "2018.4.30"]
[Round "7"]
[White "MiKachomiKa QueeN"]
[Black "BlitzMaster"]
[Result "1/2-1/2 "]
[ECO "C65"]
[WhiteElo "2454"]
[BlackElo "2559"]
[WhiteEngine "stockfish_18041819_x64_modern_CTG"]
[BlackEngine "asmFishW_9_bmi2"]
[EventType "Round Robin"]
[WhiteTeam ""]
[BlackTeam ""]
[PlyCount "203"]
[TimeControl "300+1"]

1. e4 e5 2. Nf3 Nc6 3. Bb5 Nf6 4. d3 Bc5 5. Bxc6 dxc6 6. O-O Nd7 7. c3 h6 
8. Nbd2 O-O 9. Qc2 Bd6 10. Nc4 Re8 11. Be3 c5 12. a3 Qe7 13. b4 b6 14. Nfd2 Ba6 
15. Qb3 Nf8 16. Rfd1 Red8 17. Qa4 Bb7 18. Rab1 Ng6 19. Nf1 Bc8 20. bxc5 Bxc5 
21. d4 Bd7 22. Qb3 Bd6 23. f3 Qe8 24. Nxd6 cxd6 25. Qb4 Rac8 26. Rbc1 Ne7 
27. c4 Nc6 28. Qb1 Na5 29. dxe5 Qxe5 30. Qd3 Qe6 31. Qxd6 Nxc4 32. Qd4 Kh7 
33. Bf2 Qe8 34. Qa1 Be6 35. Ne3 Rxd1+ 36. Rxd1 Qe7 37. Nc2 b5 38. Rd3 a5 
39. Nd4 Bd7 40. h3 a4 41. Be1 Qg5 42. h4 Qf6 43. Bg3 Ne5 44. Rd2 Nc4 45. Rd3 Qe7 
46. Nc2 Be6 47. Nd4 Qf6 48. Kh2 Rd8 49. Qc3 Ne5 50. Rd2 Bc4 51. Kg1 Ng6 
52. Qe3 b4 53. h5 Nf8 54. e5 Qa6 55. e6 Bxe6 56. axb4 Bc4 57. Nc2 Rxd2 
58. Qxd2 a3 59. b5 Qxb5 60. Bd6 Nd7 61. Nxa3 Qb6+ 62. Kh2 Be6 63. Nc2 Nf6 
64. Be5 Qb5 65. Qe3 Nd7 66. f4 Qd5 67. Nb4 Qd1 68. Qd3+ Qxd3 69. Nxd3 Bg4 
70. Bd4 Bxh5 71. Kg3 Bg6 72. Ne5 Nxe5 73. Bxe5 Be4 74. Kh3 f6 75. Bb2 Kg6 
76. g4 f5 77. gxf5+ Bxf5+ 78. Kg3 Bd3 79. f5+ Bxf5 80. Kh4 Bd3 81. Kg4 Kf7 
82. Kf3 Bf5 83. Be5 Bd3 84. Bc7 Bc4 85. Bh2 Bb5 86. Bg1 Bc6+ 87. Ke2 Bb5+ 
88. Kd1 Bc4 89. Kc1 h5 90. Be3 Kf6 91. Bd4+ Kg6 92. Bb6 h4 93. Kd1 Bb5 
94. Ke1 Bc6 95. Bd4 Kf5 96. Kf2 Kg6 97. Be3 Bd7 98. Bc1 Bf5 99. Kg2 Bb1 
100. Kh3 Kh5 101. Bb2 g6 102. Bc1 1/2-1/2

[Event "Monday Night Round Robin Blitz Tour 5m+1s Starts at 2200hrs No Late Joins"]
[Site "Infinity Chess"]
[Date "2018.4.30"]
[Round "7"]
[White "Victorious"]
[Black "Gilgamesch"]
[Result "1/2-1/2"]
[ECO "C50"]
[WhiteElo "2511"]
[BlackElo "2554"]
[WhiteEngine "CFish_260418_x64_N_pop_LTO_730mingw"]
[BlackEngine "BrainFish_180408_x64_bmi2"]
[EventType "Round Robin"]
[WhiteTeam ""]
[BlackTeam ""]
[PlyCount "68"]
[TimeControl "300+1"]

1. e4 e5 2. Nf3 Nc6 3. Bc4 Bc5 4. O-O Nf6 5. d3 d6 6. c3 O-O 7. h3 a5 8. Nbd2 h6 
9. Re1 Be6 10. Bb5 Qb8 11. Nf1 Qa7 12. Re2 a4 13. Ng3 Qa5 14. Bxc6 bxc6 
15. Nh4 Rfe8 16. Re1 d5 17. exd5 cxd5 18. Rxe5 Bf8 19. Qc2 c5 20. Bd2 Nd7 
21. Re2 c4 22. d4 a3 23. bxa3 Qa4 24. Qc1 Qxa3 25. Qe1 Nf6 26. Nf3 Ra6 
27. Bc1 Qe7 28. Ne5 Qc7 29. Bf4 Bd6 30. Rb1 Rea8 31. Reb2 Qd8 32. Re2 Qc7 
33. Reb2 Qd8 34. Re2 Qc7 1/2-1/2

[Event "Monday Night Round Robin Blitz Tour 5m+1s Starts at 2200hrs No Late Joins"]
[Site "Infinity Chess"]
[Date "2018.4.30"]
[Round "7"]
[White "star99"]
[Black "incredible"]
[Result "1-0"]
[ECO "A50"]
[WhiteElo "2518"]
[BlackElo "2465"]
[WhiteEngine "Cryptic Heroes 9.4B"]
[BlackEngine "Stockfish_x64_bmi2"]
[EventType "Round Robin"]
[WhiteTeam ""]
[BlackTeam ""]
[PlyCount "177"]
[TimeControl "300+1"]

1. d4 Nf6 2. c4 c6 3. Nc3 d5 4. cxd5 cxd5 5. Bf4 Qb6 6. e3 Qxb2 7. Bb5+ Nc6 
8. Nge2 Bf5 9. O-O Rc8 10. Ba4 e6 11. Nb5 Kd8 12. f3 a6 13. Nd6 Bxd6 
14. Bxd6 Na5 15. Bc5 b6 16. e4 bxc5 17. exf5 exf5 18. Rb1 Qa3 19. Re1 Nc4 
20. Rb7 Nb2 21. Qd2 Qxa4 22. Qxb2 Nd7 23. dxc5 Re8 24. Qxg7 Qc6 25. Rbb1 Qg6 
26. Qb2 Rxc5 27. Qd2 Qd6 28. Red1 Qe7 29. Kf1 Qe3 30. Nf4 Qxd2 31. Rxd2 Rc4 
32. Nxd5 Re6 33. g3 Rd6 34. Rbd1 Rc5 35. f4 Ra5 36. Nf6 Rxf6 37. Rxd7+ Kc8 
38. Rd8+ Kb7 39. R1d2 Ra3 40. Rh8 Rh6 41. Rc2 a5 42. Rf8 Rf6 43. Rb2+ Ka7 
44. Rh8 Rb6 45. Rd2 Rh6 46. Kg2 Kb7 47. Rf8 Rf6 48. Rb2+ Ka7 49. Kh3 Rh6+ 
50. Kg2 Rf6 51. h4 Rg6 52. Rxf7+ Ka8 53. Rf8+ Ka7 54. Rf7+ Ka8 55. Rb3 Rxa2+ 
56. Kh3 a4 57. Re3 Rb2 58. Rxf5 Ra6 59. Ra3 Ka7 60. Rf7+ Rb7 61. Rxb7+ Kxb7 
62. g4 Kc7 63. g5 Kd6 64. Kg4 Ke7 65. f5 h6 66. g6 Kf6 67. Kh5 Ra8 68. Rc3 a3 
69. Rc6+ Kxf5 70. g7 Ke5 71. Rc1 Kf6 72. Kxh6 Kf5 73. Kh7 Ra7 74. Kh8 Ra8+ 
75. g8=Q+ Rxg8+ 76. Kxg8 Kg4 77. Rc4+ Kh5 78. Kf7 a2 79. Ra4 a1=Q 80. Rxa1 Kg4 
81. h5 Kxh5 82. Ra4 Kg5 83. Ke6 Kg6 84. Rg4+ Kh5 85. Kf5 Kh6 86. Kf6 Kh7 
87. Rh4+ Kg8 88. Rh5 Kf8 89. Rh8# 1-0

[Event "Monday Night Round Robin Blitz Tour 5m+1s Starts at 2200hrs No Late Joins"]
[Site "Infinity Chess"]
[Date "2018.4.30"]
[Round "6"]
[White "CoffeeOne"]
[Black "MiKachomiKa QueeN"]
[Result "1/2-1/2"]
[ECO "C50"]
[WhiteElo "2559"]
[BlackElo "2450"]
[WhiteEngine "cfish-2018-04-30"]
[BlackEngine "stockfish_18041819_x64_modern_CTG"]
[EventType "Round Robin"]
[WhiteTeam ""]
[BlackTeam ""]
[PlyCount "111"]
[TimeControl "300+1"]

1. e4 e5 2. Nf3 Nc6 3. Bc4 Bc5 4. O-O Nf6 5. d3 d6 6. c3 a5 7. h3 O-O 8. Re1 Ba7 
9. a4 h6 10. Na3 Ne7 11. d4 exd4 12. cxd4 c6 13. Bd3 d5 14. e5 Ne4 15. Nc2 Be6 
16. Bxe4 dxe4 17. Rxe4 c5 18. Re2 Qd5 19. Rd2 Nf5 20. dxc5 Qxc5 21. Ncd4 Nxd4 
22. Rxd4 Qc7 23. Rf4 Rfc8 24. Qe1 Qc2 25. Nd4 Bxd4 26. Rxd4 Rc5 27. Qe4 Qxe4 
28. Rxe4 Rd5 29. Be3 Rc8 30. g4 Rd3 31. Rd4 Rb3 32. Rc1 Rxc1+ 33. Bxc1 Rxh3 
34. Bd2 Rh4 35. f3 h5 36. Bxa5 hxg4 37. Bd2 Rh5 38. fxg4 Rxe5 39. g5 Bb3 
40. Kf2 Kf8 41. a5 Ke8 42. Kf3 g6 43. Kf2 Ke7 44. Bb4+ Ke8 45. Bd2 Ke7 
46. Rf4 Kd7 47. Rd4+ Kc6 48. Rb4 Bd5 49. Rb6+ Kd7 50. Bf4 Rf5 51. Ke3 Bc6 
52. b4 Rd5 53. Ke2 Rf5 54. Ke3 Rd5 55. Kf2 Rf5 56. Ke3 1/2-1/2

[Event "Monday Night Round Robin Blitz Tour 5m+1s Starts at 2200hrs No Late Joins"]
[Site "Infinity Chess"]
[Date "2018.4.30"]
[Round "6"]
[White "Gilgamesch"]
[Black "star99"]
[Result "1/2-1/2"]
[ECO "B30"]
[WhiteElo "2556"]
[BlackElo "2516"]
[WhiteEngine "BrainFish_180408_x64_bmi2"]
[BlackEngine "Cryptic Heroes 9.4B"]
[EventType "Round Robin"]
[WhiteTeam ""]
[BlackTeam ""]
[PlyCount "108"]
[TimeControl "300+1"]

1. e4 c5 2. Nf3 Nc6 3. Nc3 e5 4. Bc4 Be7 5. d3 d6 6. Nd2 Nf6 7. Nf1 Bg4 
8. f3 Be6 9. Ne3 O-O 10. O-O Rc8 11. a4 h6 12. Ncd5 Na5 13. Nxe7+ Qxe7 
14. b3 Nc6 15. Bb2 Nh5 16. g3 Qg5 17. Qe1 Qg6 18. Qf2 Rcd8 19. Qg2 Nd4 
20. Rae1 a6 21. a5 Qg5 22. Bc3 Nf6 23. f4 exf4 24. Rxf4 d5 25. exd5 Nxd5 
26. Bxd5 Bxd5 27. Qf2 Be6 28. h4 Qg6 29. Bxd4 cxd4 30. Nc4 Bxc4 31. bxc4 Rfe8 
32. Rfe4 Rxe4 33. Rxe4 b6 34. h5 Qxh5 35. axb6 Qc5 36. b7 Qc7 37. Qf3 Rb8 
38. Re1 Rxb7 39. Re8+ Kh7 40. Qe4+ g6 41. Kf2 Qd7 42. Qe5 f6 43. Qe4 a5 
44. Ra8 a4 45. Rxa4 Qxa4 46. Qxb7+ Kg8 47. Qc8+ Kf7 48. Kf3 Qxc2 49. Qd7+ Kg8 
50. Qxd4 Qd1+ 51. Kf2 Qd2+ 52. Kf3 Qd1+ 53. Kf2 Qd2+ 54. Kf3 Qd1+ 1/2-1/2

[Event "Monday Night Round Robin Blitz Tour 5m+1s Starts at 2200hrs No Late Joins"]
[Site "Infinity Chess"]
[Date "2018.4.30"]
[Round "6"]
[White "BlitzMaster"]
[Black "Victorious"]
[Result "1/2-1/2 "]
[ECO "D35"]
[WhiteElo "2561"]
[BlackElo "2509"]
[WhiteEngine "asmFishW_9_bmi2"]
[BlackEngine "CFish_260418_x64_N_pop_LTO_730mingw"]
[EventType "Round Robin"]
[WhiteTeam ""]
[BlackTeam ""]
[PlyCount "121"]
[TimeControl "300+1"]

1. d4 d5 2. c4 e6 3. Nc3 Nf6 4. cxd5 exd5 5. Bg5 Nbd7 6. e3 Be7 7. Bd3 c6 
8. Bf4 O-O 9. h3 Re8 10. Nf3 g6 11. Rc1 Nb6 12. Bh2 Bf8 13. Nd2 Be6 14. O-O Nc4 
15. Bxc4 dxc4 16. Qf3 Rc8 17. Rfd1 b5 18. a3 Nd5 19. Be5 a5 20. e4 Nxc3 
21. Rxc3 Be7 22. a4 f6 23. Bf4 Bf8 24. Nf1 Qe7 25. d5 Bd7 26. Ng3 Bg7 
27. dxc6 Bxc6 28. axb5 Bxb5 29. Rcc1 Qb7 30. Qc3 f5 31. Qxa5 Bxb2 32. Rc2 c3 
33. Bc1 Bxc1 34. Rdxc1 f4 35. Nh1 Rxe4 36. Rb1 Rc5 37. f3 Re3 38. Qd8+ Kg7 
39. Qd4+ Ree5 40. Rxc3 Qd5 41. Qxd5 Rexd5 42. Ra3 Rc7 43. Rb2 g5 44. Nf2 h6 
45. h4 Bd7 46. Kh2 Bf5 47. Ra8 Rcd7 48. Rb6 Re7 49. h5 Rde5 50. g4 fxg3+ 
51. Kxg3 Re1 52. Rab8 Rf7 53. R8b7 Rxb7 54. Rxb7+ Kf6 55. Rb6+ Re6 56. Rb8 Kg7 
57. Rb7+ Kf6 58. Rb5 Ra6 59. Kg2 Ra2 60. Rb6+ Kg7 61. Kg3 1/2-1/2

[Event "Monday Night Round Robin Blitz Tour 5m+1s Starts at 2200hrs No Late Joins"]
[Site "Infinity Chess"]
[Date "2018.4.30"]
[Round "6"]
[White "incredible"]
[Black "ocirema"]
[Result "1/2-1/2"]
[ECO "D31"]
[WhiteElo "2466"]
[BlackElo "2452"]
[WhiteEngine "Stockfish_x64_bmi2"]
[BlackEngine "asmFishW_9_popcnt"]
[EventType "Round Robin"]
[WhiteTeam ""]
[BlackTeam ""]
[PlyCount "109"]
[TimeControl "300+1"]

1. d4 d5 2. c4 e6 3. Nc3 c6 4. Nf3 Nf6 5. Bg5 h6 6. Bh4 dxc4 7. e4 g5 8. Bg3 b5 
9. Be2 Bb7 10. h4 g4 11. Ne5 Nbd7 12. Nxd7 Qxd7 13. Be5 Qe7 14. O-O Rg8 
15. b3 Rd8 16. Qc2 Nh5 17. bxc4 b4 18. Na4 Qxh4 19. g3 Qg5 20. c5 Bg7 
21. Bxg7 Qxg7 22. Rad1 Rxd4 23. Rxd4 Qxd4 24. Rd1 Qe5 25. Qd2 Ke7 26. Qd6+ Qxd6 
27. cxd6+ Kd8 28. Nc5 Ba8 29. a3 b3 30. Rd4 Nf6 31. Ra4 b2 32. Rb4 Nd7 
33. Rxb2 Nb6 34. a4 Rg5 35. a5 Rxc5 36. axb6 axb6 37. Rxb6 Ra5 38. Rb8+ Kd7 
39. e5 Rxe5 40. Ba6 Ra5 41. Rxa8 Kxd6 42. Bb7 Rxa8 43. Bxa8 h5 44. Bb7 c5 
45. Kf1 c4 46. Ke2 f5 47. Kd2 Ke5 48. Kc3 f4 49. Kxc4 fxg3 50. fxg3 Kf6 
51. Bh1 h4 52. gxh4 Kg7 53. Kd3 g3 54. Ke3 Kg8 55. Kf3 1/2-1/2